 Dungeon Crawl Stone Soup version 0.28-a0-1199-gef9e1dbd39 (webtiles) character file.

Game seed: 11236234293765018847

136 ytrimaz the Insei (level 5, -2/34 HPs)
             Began as an Octopode Transmuter on Dec 20, 2021.
             Slain by a gnoll (8 damage)
             ... on level 3 of the Dungeon.
             The game lasted 00:02:17 (3665 turns).

ytrimaz the Insei (Octopode Transmuter)             Turns: 3665, Time: 00:02:18

Health: -2/34      AC:  2    Str: 10    XL:     5   Next: 19%
Magic:  6/9        EV: 19    Int: 17    God:
Gold:   75         SH:  0    Dex: 17    Spells: 3/9 levels left

rFire   . . .      SeeInvis .     - Unarmed
rCold   . . .      Faith    .   (shield currently unavailable)
rNeg    . . .      Spirit   .   (helmet currently unavailable)
rPois   x          Reflect  .   (no amulet)
rElec   .          Harm     .   (no ring)
rCorr   .          Rampage  .   (no ring)
Will    .....                   (no ring)
Stlth   ++........              (no ring)
HPRegen 0.11/turn               (no ring)
MPRegen 0.11/turn               (no ring)
                                (no ring)
                                (no ring)

@: spider-form
A: venomous fangs, almost no armour, (amphibious), 8 rings, tiny, (camouflage
1), (gelatinous body 1), (nimble swimmer 1), (tentacles)
a: End Transformation


You were on level 3 of the Dungeon.
You were a venomous arachnid creature.
You visited 1 branch of the dungeon, and saw 3 of its levels.

You collected 75 gold pieces.

Inventory:

Wands
 c - a wand of digging (2)
Scrolls
 d - a scroll of identify
Potions
 a - a potion of brilliance
 b - a potion of flight
 e - a potion of heal wounds


   Skills:
 * Level 2.0 Fighting
 * Level 2.4 Dodging
 + Level 3.7 Unarmed Combat
 * Level 2.9 Spellcasting
 * Level 2.8 Transmutations
 * Level 1.2 Poison Magic


You had 3 spell levels left.
You knew the following spells:

 Your Spells              Type           Power      Damage    Failure   Level
a - Beastly Appendage     Tmut           24%        N/A       16%         1
b - Wereblood             Tmut           12%        N/A       22%         2
c - Spider Form           Tmut/Pois      9%         N/A       43%         3

Your spell library contained the following spells:

 Spells                   Type           Power      Damage    Failure   Level
 Ice Form                 Ice/Tmut       7%         N/A       85%         4


Dungeon Overview and Level Annotations

Branches:
Dungeon (3/15)

Altars:
Cheibriados


Innate Abilities, Weirdness & Mutations

You are a venomous arachnid creature.
You have poisonous fangs.
You are tiny and dextrous.
Your spellcasting is less reliable in this form.
Your armour is entirely melded.
You are incapable of wielding weapons or throwing items.
You cannot wear most types of armour.
((You are amphibious.))
You can wear up to eight rings at the same time.
((Your skin changes colour to match your surroundings (Stealth+).))
((Your rubbery body absorbs attacks. (AC +1, EV +1)))
((You are camouflaged near water. (Stealth+)))
((You have tentacles for arms and can constrict up to eight enemies at once.))


Message History

The gnoll barely misses you.
Unknown command.
The gnoll completely misses you.
You see here a +0 spear.
You hit the gnoll but do no damage.
The gnoll is poisoned.
The gnoll misses you.
You hit the gnoll.
You kill the gnoll!
The gnoll hits you from afar with a +0 halberd!
Unknown command.
Your transformation is almost over.
The gnoll barely misses you.
The gnoll hits you from afar with a +0 halberd.
* * * LOW HITPOINT WARNING * * *
You bite the gnoll!
The gnoll looks as sick as possible!
The gnoll is almost dead.
The gnoll closely misses you. x2
Unknown command.
You kill the gnoll!
Your transformation has ended.
There is a stone staircase leading up here.
You climb upwards.
There is a stone staircase leading down here.
You start resting.
HP restored.
Casting: Spider Form (quite dangerous; 22% risk of failure)
Confirm with . or Enter, or press ? or * to list all spells.
The spell is quite dangerous to miscast (22% risk of failure)!
Continue anyway?
You turn into a venomous arachnid creature.
Unknown command.
You climb downwards.
There is a stone staircase leading up here.
The gnoll hits you with a +0 halberd!
You completely miss the gnoll. The gnoll barely misses you.
You barely miss the gnoll. The gnoll hits you with a +0 halberd!
* * * LOW HITPOINT WARNING * * *
You hit the gnoll.
The gnoll is lightly wounded.
The gnoll hits you with a +0 halberd!
You die...

#.#.##.##.....##.#
#..>.............#
##.#..#.##.#######
#......##g#
#########.#
####g####
#......># #..
#g##.##.# #...
#s##.##.# ##....
#<##.##.# #.....
#.##.##.# #.....
#.##.##.#
##.....##.......#
###
##........###.####
#.###
.........###.#
#.#P##
#............#
#.#PP##
#.....#..#####
##.#.P.##


You could see a gnoll.

Vanquished Creatures
  A jelly (D:2)
  Robin (D:2)
  3 gnolls (D:3)
  2 dart slugs
  3 bats
  4 endoplasms
  3 giant cockroaches (D:1)
  11 goblins
  5 hobgoblins
  4 jackals
  6 kobolds
  3 quokkas
  A ball python (D:2)
  3 frilled lizards
  8 rats
58 creatures vanquished.

Notes
Turn   | Place    | Note
-------+----------+-------------------------------------------
     0 | D:1      | ytrimaz the Octopode Transmuter began the quest for the
                  | Orb.
     0 | D:1      | Reached XP level 1. HP: 13/13 MP: 3/3
    32 | D:1      | Reached XP level 2. HP: 12/18 MP: 5/5
    90 | D:1      | Learned a level 2 spell: Wereblood
  1046 | D:1      | Reached XP level 3. HP: 5/23 MP: 4/6
  1050 | D:1      | Learned a level 3 spell: Spider Form
  1833 | D:2      | Noticed Robin
  1843 | D:2      | Killed Robin
  2423 | D:2      | Reached XP level 4. HP: 29/29 MP: 7/7
  2690 | D:2      | Reached skill level 1 in Poison Magic
  3064 | D:3      | Found a snail-covered altar of Cheibriados.
  3333 | D:3      | Reached XP level 5. HP: 23/34 MP: 2/9
  3665 | D:3      | Slain by a gnoll

Illustrated notes

Levels and vault maps discovered:
D:1:      psy_arrival_fountain, layout_basic, minmay_statues_item
D:2:      layout_basic, uniq_robin
D:3:      layout_loops_cross, chei_slow_surprise,
          shapermc_ecumenical_altar_hornbeckon

Skill      XL: |  1  2  3  4 |
---------------+-------------+-----
Poison Magic   | 1 |  1.2
Fighting       | 2 |  2.0
Dodging        | |  2.4
Unarmed Combat | |  3.7
Spellcasting   | |  2.9
Transmutations | |  2.8

Action                   |  1- 3 |  4- 6 || total
-------------------------+-------+-------++-------
Melee: Unarmed           |    81 |    38 ||   119
       Constrict         |    21 |     9 ||    30
       Kick              |    11 |     6 ||    17
       Tentacles         |     8 |     4 ||    12
       Punch             |     2 |     2 ||     4
 Cast: Beastly Appendage |    15 |    12 ||    27
       Wereblood         |     1 |       ||     1
       Spider Form       |       |     3 ||     3
  Use: Scroll            |     3 |     3 ||     6
 Stab: Sleeping          |     5 |     5 ||    10
Armor: Skin              |     5 |     1 ||     6
Dodge: Dodged            |    48 |    27 ||    75

Table legend: (Time is in decaauts)
 A = Elapsed time spent in this place.
 B = Non-inter-level travel time spent in this place.
 C = Inter-level travel time spent in this place.
 D = Time resting spent in this place.
 E = Time spent auto-exploring this place.
 F = Levels seen in this place.
 G = Mean time per level.
                   A        B        C        D        E       F      G
               +--------+--------+--------+--------+--------+-----+--------+
         Total |   3657 |   3641 |     16 |    751 |   2437 |   3 | 1219.0 |
       Dungeon |   3657 |   3641 |     16 |    751 |   2437 |   3 | 1219.0 |
               +--------+--------+--------+--------+--------+-----+--------+

Top non-repeatable levels by time:
     D:1: 1819 daAuts
     D:2: 1375 daAuts
     D:3: 462 daAuts
